 Dungeon Crawl Stone Soup version 0.31-a0-255-g9c3d1c461a (webtiles) character file.

Game seed: 10192595183913945743

55 qw the Shooter (level 3, 0/21 HPs)
             Began as a Gargoyle Hexslinger on July 12, 2023.
             Slain by an iguana (5 damage)
             ... on level 3 of the Dungeon.
             The game lasted 00:00:32 (1397 turns).

qw the Shooter (Gargoyle Hexslinger)                Turns: 1397, Time: 00:00:33

Health: 0/21       AC: 12    Str:  6    XL:     3   Next: 93%
Magic:  13/13      EV:  9    Int: 13    God:
Gold:   137        SH:  0    Dex: 14    Spells: 3/4 levels left

rFire   . . .        Y - +1 sling
rCold   . . .        (no shield)
rNeg    + + +        d - +0 ring mail
rPois   inf          (no helmet)
rElec   +            (no cloak)
rCorr   .            (no gloves)
SInv    .            (no boots)
Will    .....        (no amulet)
Stlth   +            a - ring "Umeug" {*Slow rN+++ MP+9 AC+4 Str-5}
HPRegen 0.23/turn    (no ring)
MPRegen 0.13/turn

%: slow self (1%)
@: no status effects
A: sickness immunity, AC +3, negative energy resistance 1, electricity
resistance, torment resistance 1, petrification resistance
a: no special abilities


You were on level 3 of the Dungeon.
You visited 1 branch of the dungeon, and saw 3 of its levels.

You collected 137 gold pieces.


Innate Abilities, Weirdness & Mutations

You are immune to sickness and miasma.
Your stone body is resilient. (AC +3)
You are immune to poison.
You resist negative energy. (rN+)
You are resistant to electric shocks. (rElec)
You are resistant to unholy torment.
You are immune to petrification.


   Skills:
 - Level 2.0 Fighting
 + Level 3.8 Ranged Weapons
 - Level 1.5 Dodging
 - Level 1.0 Spellcasting
 - Level 2.6 Hexes


You had 3 spell levels left.
You knew the following spells:

 Your Spells              Type           Power      Damage    Failure   Level
a - Slow                  Hex            28%        N/A       36%         1

Your spell library contained the following spells:

 Spells                   Type           Power      Damage    Failure   Level
 Inner Flame              Hex/Fire       4%         N/A       89%         3
 Portal Projectile        Hex/Tloc       8%         N/A       89%         3
 Cause Fear               Hex            3%         N/A       98%         4

Inventory:

Hand Weapons
 Y - a +1 sling (weapon)
Armour
 d - a +0 ring mail (worn)
Jewellery
 a - the ring "Umeug" (left hand) {*Slow rN+++ MP+9 AC+4 Str-5}
   (You acquired it on level 1 of the Dungeon)

   [ring of protection]

   AC:        It affects your AC (+4).
   Str:       It affects your strength (-5).
   rN:        It renders you almost immune to negative energy.
   MP:        It affects your magic capacity (+9).
   *Slow:     It may slow you when you take damage.
 f - a ring of fire
Scrolls
 b - a scroll of blinking {unknown}
Potions
 c - a potion of heal wounds {unknown}
 e - a potion of haste {unknown}
 k - a potion of curing
 l - a potion of cancellation {unknown}
 m - a potion of might {unknown}
 n - a potion of berserk rage {unknown}

Dungeon Overview and Level Annotations

Branches:
Dungeon (3/15)

Altars:


Message History

You start resting.
You feel your willpower return.
You feel less attractive to monsters.
HP restored.
Done exploring.
(D) Dungeon
Where to? (* - list waypoints, Enter - D:3, ? - help)
What level of the Dungeon? (default 1, ? - help)
You climb downwards.
There is a stone staircase leading up here.
b - a scroll labelled QAFFON MUUTO A worm comes into view.
You shoot a sling bullet. The sling bullet hits the worm!
The worm is moderately wounded.
You shoot a sling bullet. The sling bullet hits the worm.
The worm is heavily wounded.
You shoot a sling bullet. The sling bullet hits the worm.
The worm is severely wounded.
The worm bites you but does no damage.
You shoot a sling bullet. The sling bullet hits the worm!
You kill the worm!
You now have 137 gold pieces (gained 2).
An iguana comes into view.
The iguana hisses angrily.
You shoot a sling bullet.
The sling bullet closely misses the iguana.
You shoot a sling bullet. The sling bullet hits the iguana.
The iguana is lightly wounded.
You shoot a sling bullet. The sling bullet hits the iguana.
The iguana is moderately wounded.
You shoot a sling bullet. The sling bullet hits the iguana.
The iguana is moderately wounded.
The iguana bites you!
You shoot a sling bullet. The sling bullet hits the iguana.
The iguana is heavily wounded.
The iguana bites you!
You shoot a sling bullet. The sling bullet hits the iguana.
The iguana is severely wounded.
The iguana bites you.
You die...

#...#
#.#######
##.%.....#
#........#
#........#
#........#
########.#
#.##########
#...@l......
######......
#####


You could see an iguana.

Vanquished Creatures
  2 adders (D:2)
  A worm (D:3)
  A dart slug (D:1)
  2 bats (D:1)
  4 endoplasms
  2 goblins
  2 hobgoblins
  7 kobolds
  4 quokkas (D:1)
  A ball python (D:1)
  A rat (D:1)
27 creatures vanquished.

Notes
Turn   | Place    | Note
-------+----------+-------------------------------------------
     0 | D:1      | qw the Gargoyle Hexslinger began the quest for the Orb.
     0 | D:1      | Reached XP level 1. HP: 12/12 MP: 2/2
     0 | D:1      | 0 ||| qw: Version: 0.3-a-52-g30416fa
     0 | D:1      | 0 ||| qw: Game counter: 6694
     0 | D:1      | 0 ||| qw: Melee chars always use a shield: true
     0 | D:1      | 0 ||| qw: God list: Okawaru
     0 | D:1      | 0 ||| qw: Allow faded altars: false
     0 | D:1      | 0 ||| qw: Do Orc after clearing Dungeon:15 true
     0 | D:1      | 0 ||| qw: Do second Lair branch before Depths: true
     0 | D:1      | 0 ||| qw: Lair rune preference: random
     0 | D:1      | 0 ||| qw: Goals: Normal
     0 | D:1      | 0 ||| PLANNING D:1-11
   142 | D:1      | Reached XP level 2. HP: 10/16 MP: 3/3
   233 | D:1      | Reached skill level 3 in Ranged Weapons
   352 | D:1      | Found a faded altar of an unknown god.
   427 | D:1      | Reached XP level 3. HP: 20/21 MP: 4/4
   615 | D:1      | 615 ||| UPGRADING to +0 ring mail.
   625 | D:1      | 625 ||| DROPPING +0 robe.
   626 | D:1      | 626 ||| DROPPING +6 ring of intelligence.
   627 | D:1      | 627 ||| READING scroll labelled ENTIQENO FACZE.
   627 | D:1      | Identified a scroll of acquirement
   627 | D:1      | 627 ||| ACQUIRING ring "Umeug" {*Slow rN+++ MP+9 AC+4
                  | Str-5}
   627 | D:1      | Acquired the ring "Umeug" {*Slow rN+++ MP+9 AC+4 Str-5}
   629 | D:1      | 629 ||| UPGRADING to ring "Umeug" {*Slow rN+++ MP+9 AC+4
                  | Str-5}.
   699 | D:1      | 699 ||| READING scroll labelled FISIEH REIL.
   700 | D:1      | 700 ||| DRINKING 2 clear potions.
   701 | D:1      | 701 ||| DROPPING scroll of poison.
  1310 | D:2      | 1310 ||| DROPPING ring of magical power.
  1311 | D:2      | 1311 ||| READING scroll labelled DUTEUT GAUD.
  1312 | D:2      | 1312 ||| READING scroll labelled UXKEYDEKAT.
  1317 | D:2      | 1317 ||| DRINKING 2 lumpy silvery potions.
  1318 | D:2      | 1318 ||| DROPPING potion of attraction.
  1335 | D:3      | 1335 ||| STAIRDANCE
  1396 | D:3      | HP: 5/21 [iguana (7)]
  1397 | D:3      | Slain by an iguana

Levels and vault maps discovered:
D:1:      dpeg_arrival_rooms_with_view, layout_loops_cross,
          shapermc_ecumenical_altar_mp_highgroup, minmay_surrounded
D:2:      layout_loops_ring
D:3:      layout_basic

Skill      XL: |  1  2 |
---------------+-------+-----
Ranged Weapons | 3 |  3.8
Fighting       | 2 |  2.0
Dodging        | |  1.5
Spellcasting   | |  1.0
Hexes          | |  2.6

Action                     || total
---------------------------++-------
   Fire: Sling             ||   104
    Use: Scroll            ||     4
         Potion            ||     2
 Armour: Robe              ||    10
         Ring mail         ||    15
  Dodge: Dodged            ||    26

Table legend:
 A = Non-vault XP
 B = Vault XP
 C = Vault XP percentage of total XP
 D = Non-vault monster count
 E = Vault monster count
 F = Vault count percentage of total count
                 A         B        C        D         E       F
            +---------+---------+-------+---------+---------+-------
      Total |      66 |      13 |  16.5 |      20 |       7 |  25.9
            +---------+---------+-------+---------+---------+-------
        D:1 |      26 |      13 |  33.3 |      13 |       7 |  35.0
        D:2 |      35 |       0 |   0.0 |       6 |       0 |   0.0
        D:3 |       5 |       0 |   0.0 |       1 |       0 |   0.0
            +---------+---------+-------+---------+---------+-------
